TOP OF THE 1ST |
Niagara Falls Phantoms batting - Pitching for London Majors : RHP Gil Brady
|
Pitching: RHP Gil Brady
|
|
Batting: LHB Carlos Palau
|
0-0: Fly out, F7 (Flyball, 7S, EV 91.2 MPH)
|
Batting: LHB Justin Short
|
0-0: Swinging Strike 0-1: Ball 1-1: Ball 2-1: Ball 3-1: Foul Ball, location: 2F 3-2: Strikes out swinging, 2-3 out at first.
|
Batting: LHB Danny de Leon
|
0-0: Ball 1-0: Called Strike 1-1: Swinging Strike 1-2: Foul Ball, location: 2F 1-2: Foul Ball, location: 2F 1-2: Ball 2-2: Strikes out looking
|
Top of the 1st over - 0 runs, 0 hits, 0 errors, 0 left on base; Niagara Falls 0 - London 0 |
BOTTOM OF THE 1ST |
London Majors batting - Pitching for Niagara Falls Phantoms : LHP Daniel Fagan
|
Pitching: LHP Daniel Fagan
|
|
Batting: RHB Pete Duncan
|
0-0: Ball 1-0: Ball 2-0: Ball 3-0: Called Strike 3-1: Base on Balls
|
Batting: RHB Jake Bronner
|
0-0: Called Strike 0-1: Called Strike Pete Duncan steals 2nd base 0-2: Ball 1-2: Strikes out swinging
|
Batting: RHB John Rios
|
0-0: Ball 1-0: Called Strike 1-1: Ball 2-1: Ball 3-1: Foul Ball, location: 2F 3-2: SINGLE (Groundball, 56D, EV 98.8 MPH) Pete Duncan to third Runner from 3rd tries for Home, SAFE, throw by LF to home
|
Batting: RHB Bobby Roldan
|
0-0: Foul Ball, location: 2F 0-1: Foul Ball, location: 2F 0-2: Ball 1-2: Strikes out swinging
|
Batting: RHB Luis Vargas
|
0-0: Fly out, F8 (Flyball, 8LD, EV 99.4 MPH)
|
Bottom of the 1st over - 1 run, 1 hit, 0 errors, 1 left on base; Niagara Falls 0 - London 1 |
TOP OF THE 2ND |
Niagara Falls Phantoms batting - Pitching for London Majors : RHP Gil Brady
|
Batting: RHB Jesus Ruiz
|
0-0: Ball 1-0: Foul Ball, location: 2F 1-1: Ball 2-1: SINGLE (Line Drive, 9S, EV 106.9 MPH)
|
Batting: RHB Ken Stair
|
0-0: Called Strike 0-1: Ball 1-1: Fly out, F9 (Line Drive, 9, EV 93.8 MPH)
|
Batting: RHB Paul Ngumi
|
0-0: SINGLE (Groundball, 6D, EV 101.9 MPH) Jesus Ruiz to second
|
Batting: RHB Tchaa Kombate
|
0-0: Called Strike 0-1: SINGLE (Groundball, 6MD, EV 101.2 MPH) Jesus Ruiz to third Paul Ngumi to second Runner from 3rd tries for Home, SAFE, throw by CF to home
|
Batting: RHB Arturo Gomez
|
0-0: Called Strike 0-1: Fly out, F7 (Flyball, 78M, EV 93.8 MPH)
|
Batting: LHB Dave Ortiz
|
0-0: Called Strike 0-1: Ball 1-1: Ball 2-1: Fly out, F8 (Flyball, 8LD, EV 88.1 MPH)
|
Top of the 2nd over - 1 run, 3 hits, 0 errors, 2 left on base; Niagara Falls 1 - London 1 |
BOTTOM OF THE 2ND |
London Majors batting - Pitching for Niagara Falls Phantoms : LHP Daniel Fagan
|
Batting: RHB Mikey Sano
|
0-0: Called Strike 0-1: Ball 1-1: Ball 2-1: Foul Ball, location: 2F 2-2: Ball 3-2: Strikes out looking
|
Batting: RHB Rudolph Lentz
|
0-0: SINGLE (Groundball, 56S, EV 68.1 MPH) (infield hit)
|
Batting: RHB Manny Elizondo
|
0-0: Foul Ball, location: 2F 0-1: Swinging Strike 0-2: Ball 1-2: Strikes out swinging
|
Batting: RHB Lao-che Zhu
|
0-0: Called Strike 0-1: Ball 1-1: Foul Ball, location: 2F 1-2: Ball 2-2: Ball 3-2: Strikes out swinging
|
Bottom of the 2nd over - 0 runs, 1 hit, 0 errors, 1 left on base; Niagara Falls 1 - London 1 |
TOP OF THE 3RD |
Niagara Falls Phantoms batting - Pitching for London Majors : RHP Gil Brady
|
Batting: LHB Carlos Palau
|
0-0: Ball 1-0: Foul Ball, location: 2F 1-1: Called Strike 1-2: DOUBLE (Groundball, 3L, EV 103.8 MPH) - OUT at third base trying to stretch hit.
|
Batting: LHB Justin Short
|
0-0: Called Strike 0-1: Called Strike 0-2: Foul Ball, location: 2F 0-2: Foul Ball, location: 2F 0-2: Foul Ball, location: 2F 0-2: Foul Ball, location: 2F 0-2: Foul Ball, location: 2F 0-2: Ball 1-2: Foul Ball, location: 2F 1-2: Ball 2-2: Ball 3-2: Fly out, F7 (Flyball, 7D, EV 100.0 MPH)
|
Batting: LHB Danny de Leon
|
0-0: Called Strike 0-1: Ball 1-1: Ball 2-1: Ground out 6-3 (Groundball, 6, EV 91.2 MPH)
|
Top of the 3rd over - 0 runs, 1 hit, 0 errors, 0 left on base; Niagara Falls 1 - London 1 |
BOTTOM OF THE 3RD |
London Majors batting - Pitching for Niagara Falls Phantoms : LHP Daniel Fagan
|
Batting: RHB Pete Duncan
|
0-0: Swinging Strike 0-1: Ball 1-1: Ball 2-1: SINGLE (Flyball, 89S, EV 87.5 MPH)
|
Batting: RHB Jake Bronner
|
0-0: Fielders Choice at 2nd, 5-4 (Groundball, 56S, EV 85.0 MPH)
|
Batting: RHB John Rios
|
0-0: Foul Ball, location: 2F 0-1: Ball 1-1: Ball 2-1: Ball 3-1: Foul Ball, location: 2F 3-2: Foul Ball, location: 2F 3-2: Base on Balls Jake Bronner to second
|
Batting: RHB Bobby Roldan
|
0-0: Ball Jake Bronner steals 3rd base 1-0: Called Strike 1-1: Ball 2-1: Ball 3-1: Called Strike 3-2: Base on Balls John Rios to second
|
Batting: RHB Luis Vargas
|
0-0: Ball 1-0: GRAND SLAM HOME RUN (Flyball, 7LD, EV 97.5 MPH), Distance : 351 ft
|
Batting: RHB Mikey Sano
|
0-0: Ground out 4-3 (Groundball, 4, EV 92.5 MPH)
|
Batting: RHB Rudolph Lentz
|
0-0: SINGLE (Line Drive, 89S, EV 106.2 MPH)
|
Batting: RHB Manny Elizondo
|
0-0: Fielders Choice at 2nd, 6-4 (Groundball, 6, EV 82.5 MPH)
|
Bottom of the 3rd over - 4 runs, 3 hits, 0 errors, 1 left on base; Niagara Falls 1 - London 5 |
TOP OF THE 4TH |
Niagara Falls Phantoms batting - Pitching for London Majors : RHP Gil Brady
|
Batting: RHB Jesus Ruiz
|
0-0: Ball 1-0: Called Strike 1-1: Ball 2-1: Foul Ball, location: 2F 2-2: Foul Ball, location: 2F 2-2: Ball 3-2: Foul Ball, location: 2F 3-2: Strikes out swinging
|
Batting: RHB Ken Stair
|
0-0: Ball 1-0: Ball 2-0: Ground out 5-3 (Groundball, 5S, EV 71.2 MPH)
|
Batting: RHB Paul Ngumi
|
0-0: Foul Ball, location: 2F 0-1: Swinging Strike 0-2: Ball 1-2: Strikes out swinging
|
Top of the 4th over - 0 runs, 0 hits, 0 errors, 0 left on base; Niagara Falls 1 - London 5 |
BOTTOM OF THE 4TH |
London Majors batting - Pitching for Niagara Falls Phantoms : LHP Daniel Fagan
|
Batting: RHB Lao-che Zhu
|
0-0: Ball 1-0: Called Strike 1-1: Swinging Strike 1-2: Strikes out looking
|
Batting: RHB Pete Duncan
|
0-0: Called Strike 0-1: Swinging Strike 0-2: Ball 1-2: Strikes out looking
|
Batting: RHB Jake Bronner
|
0-0: Called Strike 0-1: Foul Ball, location: 2F 0-2: Strikes out swinging
|
Bottom of the 4th over - 0 runs, 0 hits, 0 errors, 0 left on base; Niagara Falls 1 - London 5 |
TOP OF THE 5TH |
Niagara Falls Phantoms batting - Pitching for London Majors : RHP Gil Brady
|
Batting: RHB Tchaa Kombate
|
0-0: Called Strike 0-1: Called Strike 0-2: Strikes out looking
|
Batting: RHB Arturo Gomez
|
0-0: Swinging Strike 0-1: Ball 1-1: Foul Ball, location: 2F 1-2: Foul Ball, location: 2F 1-2: Strikes out swinging
|
Batting: LHB Dave Ortiz
|
0-0: Ball 1-0: Swinging Strike 1-1: Ball 2-1: Foul Ball, location: 2F 2-2: Strikes out swinging
|
Top of the 5th over - 0 runs, 0 hits, 0 errors, 0 left on base; Niagara Falls 1 - London 5 |
BOTTOM OF THE 5TH |
London Majors batting - Pitching for Niagara Falls Phantoms : LHP Daniel Fagan
|
Batting: RHB John Rios
|
0-0: Ball 1-0: Ball 2-0: Ball 3-0: Foul Ball, location: 2F 3-1: Foul Ball, location: 2F 3-2: Base on Balls
|
Batting: RHB Bobby Roldan
|
0-0: Ball 1-0: Swinging Strike 1-1: SINGLE (Groundball, 56S, EV 63.1 MPH) (infield hit) John Rios to second
|
Batting: RHB Luis Vargas
|
0-0: Ball 1-0: Fly out, F8 (Flyball, 8RD, EV 106.9 MPH)
|
Batting: RHB Mikey Sano
|
0-0: Foul Ball, location: 2F 0-1: Ball 1-1: Fly out, F9 (Flyball, 9D, EV 91.2 MPH)
|
Batting: RHB Rudolph Lentz
|
0-0: Ball 1-0: Ball 2-0: Ball 3-0: Swinging Strike 3-1: SINGLE (Flyball, 6D, EV 87.5 MPH) John Rios to third Bobby Roldan to second
|
Batting: RHB Manny Elizondo
|
0-0: Swinging Strike 0-1: Ball 1-1: Swinging Strike 1-2: Ball 2-2: Foul Ball, location: 2F 2-2: Strikes out swinging
|
Bottom of the 5th over - 0 runs, 2 hits, 0 errors, 3 left on base; Niagara Falls 1 - London 5 |
TOP OF THE 6TH |
Niagara Falls Phantoms batting - Pitching for London Majors : RHP Gil Brady
|
Batting: LHB Carlos Palau
|
0-0: Foul Ball, location: 2F 0-1: Fly out, F8 (Flyball, 8RXD, EV 76.9 MPH)
|
Batting: LHB Justin Short
|
0-0: Ball 1-0: Swinging Strike 1-1: Called Strike 1-2: Foul Ball, location: 2F 1-2: Strikes out swinging
|
Batting: LHB Danny de Leon
|
0-0: Ball 1-0: Ball 2-0: Fly out, F7 (Line Drive, 7LM, EV 109.4 MPH)
|
Top of the 6th over - 0 runs, 0 hits, 0 errors, 0 left on base; Niagara Falls 1 - London 5 |
BOTTOM OF THE 6TH |
London Majors batting - Pitching for Niagara Falls Phantoms : LHP Daniel Fagan
|
Pitching: LHP Loo Lei
|
|
Batting: RHB Lao-che Zhu
|
0-0: Foul Ball, location: 2F 0-1: SINGLE (Line Drive, 4MD, EV 104.4 MPH)
|
Batting: RHB Pete Duncan
|
0-0: Ball 1-0: Called Strike 1-1: Swinging Strike 1-2: Ball 2-2: Foul Ball, location: 2F 2-2: Ball 3-2: Foul Ball, location: 2F 3-2: Fly out, F6 (Popup, 6S, EV 67.5 MPH)
|
Batting: RHB Jake Bronner
|
0-0: Ground out 5-3 (Groundball, 56S, EV 63.8 MPH) Lao-che Zhu to second
|
Batting: RHB John Rios
|
0-0: Foul Ball, location: 2F 0-1: Ball 1-1: Fly out, F8 (Flyball, 8RS, EV 85.6 MPH)
|
Bottom of the 6th over - 0 runs, 1 hit, 0 errors, 1 left on base; Niagara Falls 1 - London 5 |
TOP OF THE 7TH |
Niagara Falls Phantoms batting - Pitching for London Majors : RHP Gil Brady
|
Batting: RHB Jesus Ruiz
|
0-0: Ground out 3-1 (Groundball, 34S, EV 87.5 MPH)
|
Batting: RHB Ken Stair
|
0-0: Ball 1-0: DOUBLE (Line Drive, 89XD, EV 105.6 MPH)
|
Batting: RHB Paul Ngumi
|
0-0: Called Strike 0-1: Ball 1-1: Swinging Strike 1-2: Ball 2-2: Ball 3-2: Foul Ball, location: 2F 3-2: Ground out 6-3 (Groundball, P, EV 90.6 MPH) Ken Stair to third
|
Pitching: RHP Josh Long
|
|
Batting: RHB Tchaa Kombate
|
0-0: Called Strike 0-1: SINGLE (Flyball, 6MD, EV 95.0 MPH) Ken Stair scores
|
Batting: RHB Arturo Gomez
|
0-0: Called Strike 0-1: Swinging Strike 0-2: Ball 1-2: Ball Tchaa Kombate is caught stealing 2nd base 2-4
|
Top of the 7th over - 1 run, 2 hits, 0 errors, 0 left on base; Niagara Falls 2 - London 5 |
BOTTOM OF THE 7TH |
London Majors batting - Pitching for Niagara Falls Phantoms : LHP Loo Lei
|
Pitching: RHP Lee Durbin
|
|
Batting: RHB Bobby Roldan
|
0-0: Foul Ball, location: 2F 0-1: Ball 1-1: SINGLE (Groundball, 56D, EV 96.2 MPH) (infield hit)
|
Batting: RHB Luis Vargas
|
0-0: Called Strike 0-1: Called Strike 0-2: Foul Ball, location: 2F 0-2: Fly out, F8 (Flyball, 8RM, EV 85.0 MPH)
|
Batting: RHB Mikey Sano
|
0-0: Ball Bobby Roldan is caught stealing 2nd base 2-4 1-0: Called Strike 1-1: Ball 2-1: Swinging Strike 2-2: Foul Ball, location: 2F 2-2: Ground out U3 (Groundball, 34S, EV 73.1 MPH)
|
Bottom of the 7th over - 0 runs, 1 hit, 0 errors, 0 left on base; Niagara Falls 2 - London 5 |
TOP OF THE 8TH |
Niagara Falls Phantoms batting - Pitching for London Majors : RHP Josh Long
|
Batting: RHB Arturo Gomez
|
0-0: Ground out 4-3 (Groundball, 4, EV 83.1 MPH)
|
Batting: LHB Dave Ortiz
|
0-0: Ground out 4-3 (Groundball, 4D, EV 81.2 MPH)
|
Batting: LHB Carlos Palau
|
0-0: Called Strike 0-1: Swinging Strike 0-2: Ball 1-2: Ball 2-2: Strikes out looking
|
Top of the 8th over - 0 runs, 0 hits, 0 errors, 0 left on base; Niagara Falls 2 - London 5 |
BOTTOM OF THE 8TH |
London Majors batting - Pitching for Niagara Falls Phantoms : RHP Lee Durbin
|
Pitching: RHP David Durr
|
|
Batting: RHB Rudolph Lentz
|
0-0: Swinging Strike 0-1: Ball 1-1: Ball 2-1: Ground out 5-3 (Groundball, 56, EV 95.6 MPH)
|
Batting: RHB Manny Elizondo
|
0-0: Ball 1-0: Called Strike 1-1: Called Strike 1-2: Strikes out looking
|
Batting: RHB Lao-che Zhu
|
0-0: Ball 1-0: Ball 2-0: Called Strike 2-1: Foul Ball, location: 2F 2-2: Strikes out swinging
|
Bottom of the 8th over - 0 runs, 0 hits, 0 errors, 0 left on base; Niagara Falls 2 - London 5 |
TOP OF THE 9TH |
Niagara Falls Phantoms batting - Pitching for London Majors : RHP Josh Long
|
Pitching: RHP Dave Vandehey
|
|
Batting: LHB Justin Short
|
0-0: Called Strike 0-1: Ball 1-1: Ground out 4-3 (Groundball, 4, EV 87.5 MPH)
|
Batting: LHB Danny de Leon
|
0-0: Fly out, F8 (Flyball, 8RD, EV 96.2 MPH)
|
Batting: RHB Jesus Ruiz
|
0-0: Ball 1-0: Foul Ball, location: 2F 1-1: Called Strike 1-2: SINGLE (Groundball, 34D, EV 95.6 MPH)
|
Batting: RHB Ken Stair
|
0-0: Foul Ball, location: 2F 0-1: Called Strike 0-2: Ball 1-2: Ball 2-2: Strikes out swinging
|
Top of the 9th over - 0 runs, 1 hit, 0 errors, 1 left on base; Niagara Falls 2 - London 5 |
|